 Dungeon Crawl Stone Soup version 0.30-a0-29-g142975f185 (webtiles) character file.

Game seed: 12167212908250922960

1 ragingrage the Trooper (level 1, 0/18 HPs)
             Began as a Demonspawn Chaos Knight on Aug 26, 2022.
             Was a Plaything of Xom.
             Slain by a hornet (shapeshifter) (3 damage)
             ... on level 1 of the Dungeon.
             The game lasted 00:00:08 (55 turns).

ragingrage the Trooper (Demonspawn Chaos Knight)      Turns: 55, Time: 00:00:09

Health: 0/18       AC:  5    Str: 18    XL:     1   Next: 16%
Magic:  1/1        EV: 11    Int: 13    God:    Xom [..*...]
Gold:   15         SH:  0    Dex: 12    Spells: 0/0 levels left

rFire   . . .      SeeInvis .    a - +0 spear (chaos)
rCold   . . .      Faith    .    (no shield)
rNeg    . . .      Spirit   .    b - +2 leather armour
rPois   .          Reflect  .    (no helmet)
rElec   .          Harm     .    (no cloak)
rCorr   .          Rampage  .    (no gloves)
Will    .....                    (no boots)
Stlth   +.........               (no amulet)
HPRegen 0.06/turn                f - +6 ring of strength
MPRegen 0.07/turn                (no ring)

@: brilliant, lethally poisoned (0 -> -1)
A: no striking features
a: Renounce Religion


You were on level 1 of the Dungeon.
You worshipped Xom.
You were a toy of Xom.
You visited 1 branch of the dungeon, and saw 1 of its levels.

You collected 15 gold pieces.

Inventory:

Hand Weapons
 a - a +0 spear of chaos (weapon)
Armour
 b - a +2 leather armour (worn)
Jewellery
 f - a +6 ring of strength (left hand)
Scrolls
 d - a scroll of identify {unknown}
Miscellaneous
 c - a piece from Xom's chessboard (15/15) (quivered)


   Skills:
 - Level 3.0 Fighting
 * Level 2.8 Polearms
 - Level 1.7 Armour
 - Level 0.8 Dodging


You couldn't memorise any spells.
You didn't know any spells.
Your spell library was empty.

Dungeon Overview and Level Annotations

Branches:
Dungeon (1/15)

Altars:


Message History

The hornet is lightly wounded.
The kobold hits you but does no damage. The hornet stings you.
You are poisoned.
You feel yourself slow down.
You miss the hornet.
The hornet is lightly wounded.
You feel yourself speed up.
You feel very sick. The hornet barely misses you.
The kobold closely misses you.
The hornet stings you but does no damage.
The kobold closely misses you.
You are too injured to fight recklessly!
You are too injured to fight recklessly!
You feel stronger.
f - a +6 ring of strength (left hand)
You feel sick.
The hornet stings you but does no damage.
The quokka bites you but does no damage.
The hornet attacks as you move away!
The hornet stings you but does no damage.
You feel sick.
It was a potion of magic.
Magic courses through your body.
You feel sick. The hornet closely misses you. The hornet barely misses you.
You hit the hornet but do no damage.
The hornet is poisoned.
You feel sick. Xom smiles on you.
You feel clever all of a sudden. The hornet closely misses you.
You barely miss the hornet.
The hornet is lightly wounded.
You feel sick.
The hornet stings you but does no damage. x2
You hit the hornet. You freeze the hornet.
The hornet is heavily wounded.
You feel sick.
The hornet stings you but does no damage.
You barely miss the hornet.
The hornet is heavily wounded.
You feel sick. The hornet barely misses you. The hornet stings you.
You die...
Xom giggles madly!

.... #.##...........8.
..... #.......†....<...
.....#####............>.
#......#...##########...
.......#.......# ##..
#........####### ##.
.#####.## ## #.# # #@#
#y# #..Kr....#
......###### ..#......
#...... #...$...
..#...## ####...#


You could see a hornet shaped shifter (very poisoned), a quokka and a kobold.

Vanquished Creatures
  A ball python (D:1)
  A bat (D:1)
2 creatures vanquished.

Notes
Turn   | Place    | Note
-------+----------+-------------------------------------------
     0 | D:1      | ragingrage the Demonspawn Chaos Knight began the quest for
                  | the Orb.
     0 | D:1      | Reached XP level 1. HP: 18/18 MP: 1/1
    46 | D:1      | Noticed a shapeshifter
    46 | D:1      | a ball python changed into a shapeshifter
    46 | D:1      | Noticed a hornet
    46 | D:1      | a shapeshifter changed into a hornet
    52 | D:1      | XOM: potion effect (brilliance)
    55 | D:1      | Slain by a hornet (shapeshifter)

Illustrated notes

Levels and vault maps discovered:
D:1:      psy_arrival_spokes, layout_loops_ring,
          shapermc_ecumenical_altar_hornbeckon, chequers_garden,
          minmay_misc_feat_roman

Action                   || total
-------------------------++-------
Melee: Spear             ||    11
  Use: Potion            ||     1
Armor: Leather armour    ||     9
Dodge: Dodged            ||    10

Table legend: (Time is in decaauts)
 A = Elapsed time spent in this place.
 B = Non-inter-level travel time spent in this place.
 C = Inter-level travel time spent in this place.
 D = Time resting spent in this place.
 E = Time spent auto-exploring this place.
 F = Levels seen in this place.
 G = Mean time per level.
                   A        B        C        D        E       F      G
               +--------+--------+--------+--------+--------+-----+--------+
         Total |     54 |     54 |      0 |      0 |     31 |   1 |   54.0 |
       Dungeon |     54 |     54 |      0 |      0 |     31 |   1 |   54.0 |
               +--------+--------+--------+--------+--------+-----+--------+

Top non-repeatable levels by time:
     D:1: 54 daAuts
